 Dungeon Crawl Stone Soup version 0.27.0-66-gdc8fb28755 (webtiles) character file.

Game seed: 11801483107198496016

121 Spectrina the Covert (level 4, -3/27 HPs)
             Began as a Vampire Delver on Aug 20, 2021.
             Slain by a troll (9 damage)
             ... on level 6 of the Dungeon.
             The game lasted 00:00:52 (90 turns).

Spectrina the Covert (Vampire Delver)                 Turns: 90, Time: 00:00:53

Health: -3/27      AC:  3    Str: 11    XL:     4   Next: 76%
Magic:  4/4        EV: 12    Int: 12    God:
Gold:   14         SH:  0    Dex: 16    Spells: 3/3 levels left

rFire    . . .     SeeInvis +   a - +0 short sword
rCold    + + .     Faith    .   (no shield)
rNeg     + + +     Spirit   .   b - +0 leather armour
rPois    ∞         Reflect  .   (no helmet)
rElec    .         Harm     .   (no cloak)
rCorr    .         Rampage  .   (no gloves)
Will     .....                  (no boots)
Stlth    ++++++....             (no amulet)
HPRegen  0.00/turn              (no ring)
MPRegen  0.09/turn              (no ring)

@: bloodless, inhibited regen
A: bloodless, fangs 3, see invisible, vampiric 2
a: Bat Form, Revivify


You were on level 6 of the Dungeon.
You visited 1 branch of the dungeon, and saw 2 of its levels.

You collected 14 gold pieces.

Inventory:

Hand Weapons
 a - a +0 short sword (weapon)
Armour
 b - a +0 leather armour (worn)
Wands
 g - a wand of digging (3)
Scrolls
 c - a scroll of fog
 d - a scroll of magic mapping
 e - a scroll of fear
Potions
 f - a potion of haste
 h - a potion of flight {unknown}


   Skills:
 - Level 2.6 Fighting
 - Level 2.1 Short Blades
 - Level 2.1 Dodging
 + Level 10.3 Stealth


You had 3 spell levels left.
You didn't know any spells.
Your spell library was empty.

Dungeon Overview and Level Annotations

Branches:
Dungeon (6/15)
 Temple: D:4-7

Altars:


Innate Abilities, Weirdness & Mutations

You do not regenerate when monsters are visible.
You are frail without blood (-20% HP).
You can heal yourself when you bite living creatures.
You are immune to poison.
You have razor-sharp teeth.
You have supernaturally acute eyesight. (SInv)
You are afflicted with vampirism and can become a bat while bloodless.


Message History

Unknown command.
An orc comes into view. It is wielding a +0 hand axe.
Found a stone staircase leading down.
Unknown command.
The helpless orc fails to defend itself.
You bite the orc, and draw its blood! You impale the orc!!
You kill the orc!
Unknown command.
The helpless orc fails to defend itself.
You bite the orc, and draw its blood! You impale the orc!!
You kill the orc!
Unknown command.
You see here a +0 club.
The helpless orc wizard fails to defend itself.
You bite the orc wizard, and draw its blood!
You impale the orc wizard!!
You kill the orc wizard!
Your Stealth skill increases to level 8!
You have reached level 2!
You have reached level 3!
Your experience leads to an increase in your attributes!
Increase (S)trength, (I)ntelligence, or (D)exterity?
You feel agile.
You can now turn into a vampire bat when bloodless.
Things that are here:
a +0 dagger; a +0 robe; an orc corpse Unknown command.
The helpless orc warrior fails to defend itself.
You bite the orc warrior, and draw its blood!
You impale the orc warrior!!
You kill the orc warrior!
The troll bites you. The troll claws you. The troll claws you!
* * * LOW HITPOINT WARNING * * *
Your Stealth skill gained 2 levels and is now at level 10!
You have reached level 4!
The helpless orc fails to defend itself.
You bite the orc, and draw its blood!
You feel better.
You impale the orc!!
You kill the orc!
The troll bites you!
You die...

#......# #.# #
#......# #.#
#.#......# #.#
.#.#....).#######.#
................#.#
.#....)..####.#.#
#..))##.# #.#.#
#..T.##.# #.#.#
#.@..##.# #T#.#
#..)...##.# #.#.#
##.....##.# #.#.#
...>#####.# #.#.#
..... #.#T# #.....
#.#.# ###### #.#.#
#.#.# #...#


You could see a troll.

Vanquished Creatures
  An orc warrior (D:6)
  An orc wizard (D:6)
  3 orcs (D:6)
5 creatures vanquished.

Notes
Turn   | Place    | Note
-------+----------+-------------------------------------------
     0 | D:5      | Spectrina the Vampire Delver began the quest for the Orb.
     0 | D:5      | Reached XP level 1. HP: 17/17 MP: 1/1
    35 | D:6      | Noticed a troll
    76 | D:6      | Noticed an orc wizard
    77 | D:6      | Noticed an orc warrior
    85 | D:6      | Killed an orc wizard
    86 | D:6      | Reached skill level 8 in Stealth
    86 | D:6      | Reached XP level 2. HP: 18/18 MP: 2/2
    86 | D:6      | Gained mutation: You are afflicted with vampirism and can
                  | become a bat while bloodless. [Vampire growth]
    86 | D:6      | Reached XP level 3. HP: 22/22 MP: 3/3
    87 | D:6      | Killed an orc warrior
    87 | D:6      | HP: 1/22 [troll (10)]
    88 | D:6      | Reached skill level 10 in Stealth
    88 | D:6      | Reached XP level 4. HP: 2/27 MP: 4/4
    90 | D:6      | Slain by a troll

Illustrated notes

Levels and vault maps discovered:
D:5:      wad_pebble_path, layout_basic, nemelex_spade_bored_becter
D:6:      lemuel_ice_spiral_2, layout_basic, hellmonk_guarded_unrand_lears

Skill      XL: |  1  2  3 |
---------------+----------+-----
Stealth        | 8 10 | 10.3
Fighting       | |  2.6
Short Blades   | |  2.1
Dodging        | |  2.1

Action                   |  1- 3 |  4- 6 || total
-------------------------+-------+-------++-------
Melee: Short sword       |     4 |     1 ||     5
 Abil: Exsanguinate      |     1 |       ||     1
 Stab: Sleeping          |     4 |     1 ||     5
